[Event "FRA-ch Teams Top 16-B 2022"]
[Site "Chartres"]
[Date "2022.06.10"]
[Round "2.7"]
[White "Philippe, Christophe"]
[Black "Roubert, Emile"]
[Result "1-0"]
[ECO "C29"]
[WhiteElo "2379"]
[BlackElo "2027"]
[Annotator "TA"]
[PlyCount "75"]
[EventDate "2022.06.09"]
[EventType "team-tourn"]
[EventCountry "FRA"]
[SourceTitle "playchess.com"]
[Source "ChessBase"]
[SourceQuality "1"]
[TimeControl "40/5400+30:1800+30"]

1. e4 e5 2. Nc3 Nf6 3. f4 d5 4. fxe5 Nxe4 5. Nf3 Bc5 6. Qe2 {[%emt 0:00:00] C29: Vienna Game: 2...Nf6 3 f4.} Bf2+ 7. Kd1 Nxc3+ ({Don't play} 7... Nc6 8. Nxe4 dxe4 9. Qxe4 $14) 8. dxc3 {[%emt 0:00:00] Black is slightly better.} Bb6 9. Bg5 Qd7 10. Kd2 h6 11. Bh4 O-O {[%emt 0:01:51] [#]} 12. a4 $146 ({Predecessor:} 12. Rd1 Qa4 13. Kc1 Qxa2 14. Be7 Re8 15. Ba3 Nc6 16. Qe1 Bg4 17. Kd2 d4 18. cxd4 Nxd4 19. Nxd4 {0-1 (32) Schlamp,R (2328)-Rupprecht,A (2329) Germany 2004}) 12... Nc6 13. Rd1 (13. Qe1 $17 {might work better.}) 13... Qg4 $19 14. b3 Qf4+ ({Better is} 14... Ba5 $19 {Threatens to win with ...Nd4.} 15. Be1 Qf4+ 16. Qe3 Bxc3+ $1 17. Ke2 Bxe5 18. Rxd5 Qxe3+ 19. Kxe3 Bd6) 15. Ke1 $17 d4 ({Black should play} 15... Ba5 $17 16. b4 Nxb4) 16. Bg3 $15 Qf5 (16... Qg4 $1 $15 17. Nxd4 Nxd4 18. cxd4 Bxd4) 17. cxd4 $11 ({Avoid the trap} 17. Nxd4 $2 Nxd4 18. Rxd4 Bxd4 19. cxd4 Rd8 $19) 17... Nb4 (17... Be6 $11 {keeps the balance.}) 18. c3 $16 Nd5 {[%emt 0:01:26] [#]} 19. Qd3 ({White should try} 19. Qd2 $1 $16) 19... Qg4 (19... Qxd3 $11 20. Rxd3 Bf5) 20. Be2 Bf5 {[%emt 0:00:51] [#]} 21. Qd2 {[%emt 0:00:00] c4 is the strong threat.} ({But not} 21. Nh4 Bxd3 22. Bxg4 Bh7 $11) 21... Qe4 22. Kf2 (22. c4 $16 Ne3 23. Bd3 Nc2+ 24. Kf1 Qxd3+ 25. Qxd3 Bxd3+ 26. Rxd3) 22... c5 $1 $11 23. Bd3 Qxd3 24. Qxd3 Bxd3 25. Rxd3 {[%emt 0:00:00] Hoping for dxc5.} cxd4 26. cxd4 Rac8 {[%emt 0:00:45] Prevents Rc1.} 27. Re1 Rfd8 28. e6 fxe6 29. Rxe6 Nb4 30. Rd2 Nc6 (30... Kf7 $11 31. Rd6 Rc3) 31. Re4 {[%emt 0:02:50] White is more active.} Rd5 32. Ke2 Rcd8 33. Bf2 Kf7 34. Be3 Ba5 35. Rd1 b5 (35... Bb6 $14) 36. Rc1 $18 Ne7 37. Ne5+ Kf6 $2 (37... Kg8 $16 38. axb5 Rxb5) 38. Rf1+ {[%emt 0:00:28] Never resign too early!  Weighted Error Value: White=0.19 (very precise) /Black=0.33} 1-0

[Event "FRA-ch Teams Top 16-B 2022"]
[Site "Chartres"]
[Date "2022.06.10"]
[Round "2.8"]
[White "Gennesseaux, Gabrielle"]
[Black "Steil-Antoni, Fiona"]
[Result "0-1"]
[ECO "B06"]
[WhiteElo "1794"]
[BlackElo "2198"]
[Annotator "TA"]
[PlyCount "62"]
[EventDate "2022.06.09"]
[EventType "team-tourn"]
[EventCountry "FRA"]
[SourceTitle "playchess.com"]
[Source "ChessBase"]
[SourceQuality "1"]
[TimeControl "40/5400+30:1800+30"]

1. e4 c6 2. d4 g6 3. Nf3 Bg7 4. c3 d5 5. e5 Bg4 (5... f6 $11 {was preferrable.}) 6. Be2 {[%emt 0:06:12] B06: Modern Defence.} (6. Nbd2 $16) 6... e6 7. O-O Ne7 8. Nbd2 {[%emt 0:03:05] White is slightly better.} O-O 9. h3 Bxf3 10. Nxf3 ({Much worse is} 10. gxf3 c5 $15) 10... c5 {[%emt 0:02:33] [#]} 11. Bg5 $146 ({Predecessor:} 11. b4 c4 12. a4 a5 13. b5 Nd7 14. Nh2 Nf5 15. Ng4 Qh4 16. Bf3 Rfe8 17. g3 {1-0 (33) Ottesen,S (2410)-Caressa,M (2240) ICCF email 2011}) 11... h6 12. Bh4 (12. Bd2 $14) 12... Nbc6 13. Qd2 Qb6 (13... g5 $5 14. Bg3 cxd4 $11) 14. Bf6 cxd4 $1 15. Bxg7 Kxg7 16. cxd4 Rac8 17. Rac1 Rc7 18. g4 Rfc8 19. Rc3 ({Much weaker is} 19. Qf4 Nxd4 $1 20. Nxd4 Rxc1 21. Nxe6+ Qxe6 $17) 19... Na5 $1 20. Rfc1 (20. Rxc7 $11 {keeps the balance.} Qxc7 21. Bd3 (21. Qf4 Qc2 $15)) 20... Nc4 $1 $17 21. Qc2 {[%emt 0:09:26] [#]} (21. Qf4 $142) 21... Rc6 $1 22. b3 {[%emt 0:02:21] [#]} Na3 (22... Nxe5 $1 $19 23. Rc5 Nxf3+ 24. Bxf3 g5) 23. Qd2 $2 {[%emt 0:01:38][%mdl 8192] This costs White the game.} (23. Qd3 $15) 23... Rxc3 $19 24. Rxc3 Nb1 $1 {[%emt 0:00:12][%csl LRc3,LRd2] Pair of Knights!} 25. Qf4 Nxc3 26. Qf6+ Kf8 27. Bd3 Ne4 28. Qf4 g5 29. Qe3 Qc7 30. Kg2 Qc1 31. Qe2 Nc3 {[%emt 0:00:33] Weighted Error Value: White=0.85/Black=0.10 (very precise)} (31... Ng6 $142 32. Ba6 Nf4+ 33. Kh2 Nxe2 34. Bxe2 Rc2 35. h4 Rxe2 36. hxg5 Rxf2+ 37. Kh3 Qh1+ 38. Nh2 Rxh2#) 0-1

[Event "FRA-ch Teams Top 16-B 2022"]
[Site "Chartres"]
[Date "2022.06.10"]
[Round "2.9"]
[White "Gharamian, Tigran"]
[Black "Neiksans, Arturs"]
[Result "1/2-1/2"]
[ECO "B41"]
[WhiteElo "2602"]
[BlackElo "2579"]
[Annotator "TA"]
[PlyCount "59"]
[EventDate "2022.06.09"]
[EventType "team-tourn"]
[EventCountry "FRA"]
[SourceTitle "playchess.com"]
[Source "ChessBase"]
[SourceQuality "1"]
[TimeControl "40/5400+30:1800+30"]

1. e4 c5 2. Nf3 e6 3. d4 cxd4 4. Nxd4 a6 5. c4 Nf6 6. Nc3 Qc7 7. Be2 Bb4 8. Qb3 {[%emt 0:02:44] B41: Sicilian: Kan Variation: 5 c4.} Bc5 9. Be3 O-O 10. Rd1 d6 {[%emt 0:06:46] [#]} 11. Bg5 $146 ({Predecessor:} 11. a3 Nc6 12. O-O Bd7 13. Qc2 h6 14. b4 Nxd4 15. Bxd4 Bxd4 16. Rxd4 Rfc8 17. Qd2 {1-0 (39) Kecskemeti,A (2157)-Sonkoly,L (2037) Hungary 2016}) 11... Nc6 12. Bxf6 gxf6 13. Nxc6 Qxc6 14. O-O Kh8 15. Na4 Ba7 {[%emt 0:16:30] [#]} 16. Qf3 $1 {[%emt 0:01:22] White is more active.} f5 (16... Qxa4 17. Qxf6+ Kg8 18. Qg5+ Kh8 19. Qe7 $18) 17. Nc3 e5 18. exf5 (18. Qh5 $16 {Qh6 is the strong threat.} f6 19. exf5) 18... Qxf3 $14 19. Bxf3 {[%emt 0:00:04] And now Ne4 would win.} Bxf5 20. Rxd6 Bd4 21. Rc1 Rac8 22. b3 b5 23. Bd5 ({Reject} 23. Rxa6 $6 bxc4 24. b4 Rb8 $11) (23. Be2 $16) 23... Bd3 24. Nd1 a5 25. Ne3 a4 26. Rd1 axb3 27. axb3 ({Much weaker is} 27. Rxd3 bxa2 28. Rd1 a1=Q 29. Rxa1 Bxa1 30. cxb5 Rc1+ 31. Nf1 Bd4 $15) 27... bxc4 28. Bxc4 ({Much worse is} 28. Nxc4 Bc2 29. Rf1 Bxb3 $11) 28... Bg6 29. g3 Ra8 30. Ra6 {[%emt 0:01:05] Weighted Error Value: White=0.10 (very precise) /Black=0.09 (flawless)} 1/2-1/2

[Event "FRA-ch Teams Top 16-B 2022"]
[Site "Chartres"]
[Date "2022.06.10"]
[Round "2.10"]
[White "Kulaots, Kaido"]
[Black "Van Foreest, Jorden"]
[Result "0-1"]
[ECO "C84"]
[WhiteElo "2537"]
[BlackElo "2715"]
[Annotator "TA"]
[PlyCount "80"]
[EventDate "2022.06.09"]
[EventType "team-tourn"]
[EventCountry "FRA"]
[SourceTitle "playchess.com"]
[Source "ChessBase"]
[SourceQuality "1"]
[TimeControl "40/5400+30:1800+30"]

1. e4 e5 2. Nf3 Nc6 3. Bb5 a6 4. Ba4 d6 5. O-O Bd7 6. d4 Nf6 7. Bxc6 Bxc6 8. Re1 Be7 9. Nc3 exd4 {[%emt 0:00:09] C84: Closed Ruy Lopez: Unusual White 6th moves.} 10. Nxd4 Bd7 11. Qf3 O-O {[%emt 0:00:14] The position is equal.} 12. h3 {[%emt 0:01:06] 12.h3 has lost popularity.} b5 {[%emt 0:00:06] [#]} 13. Nf5 $146 ({Predecessor:} 13. a3 Re8 14. b3 Qc8 15. Bb2 Bf8 16. g4 h6 17. Kh2 Qb7 18. Nf5 Bxf5 19. gxf5 {0-1 (33) Vokhidov,S (2529)-Sindarov,J (2544) Tashkent 2021}) 13... Bxf5 14. Qxf5 Re8 15. Bd2 c6 16. Rad1 Qc7 17. Ne2 Bf8 18. Ng3 (18. f3 {seems wilder.} d5 19. Bc3 Be7 20. Bd4) 18... Re6 19. Qf3 Rae8 20. Bc3 d5 21. exd5 Nxd5 22. Rxe6 Rxe6 23. Bd2 g6 24. b3 Qb6 25. Qd3 Nb4 26. Bxb4 Bxb4 27. Ne4 Be7 28. c3 Qc7 29. Qd4 {[%emt 0:01:10] White does not recover from this.} (29. Rd2 $11) 29... f5 $19 30. Nd2 Bf6 $1 31. Qd3 Rd6 32. Qc2 Qd7 {[%emt 0:00:23] And now ...Bg5 would win.} 33. Kf1 {[%emt 0:00:18] [#]} Rd3 $1 $36 {[%emt 0:07:53][%mdl 2048] Black has strong initiative.} 34. c4 Qd6 35. cxb5 cxb5 36. a4 (36. Ke2 $17 {was necessary.} Rc3 37. Qb1) 36... Qd5 ({Weaker is} 36... Bc3 37. Ke2 Rxd2+ 38. Rxd2 Qe6+ 39. Kd1 Bxd2 40. Kxd2 $11) 37. axb5 axb5 38. Qa2 $2 (38. Ke1 {is a better chance.}) 38... Bc3 39. Ke2 {[%emt 0:00:18] [#]} Bb4 $1 40. f3 (40. Qb2 $142) 40... Qd4 {[%emt 0:01:32] Weighted Error Value: White=0.29 (precise) /Black=0.04 (flawless)} 0-1

[Event "FRA-ch Teams Top 16-B 2022"]
[Site "Chartres"]
[Date "2022.06.10"]
[Round "2.11"]
[White "Amin, Bassem"]
[Black "Dionisi, Thomas"]
[Result "1-0"]
[ECO "C64"]
[WhiteElo "2686"]
[BlackElo "2408"]
[Annotator "TA"]
[PlyCount "97"]
[EventDate "2022.06.09"]
[EventType "team-tourn"]
[EventCountry "FRA"]
[SourceTitle "playchess.com"]
[Source "ChessBase"]
[SourceQuality "1"]
[TimeControl "40/5400+30:1800+30"]

1. e4 e5 2. Nf3 Nc6 3. Bb5 a6 4. Ba4 Bc5 5. c3 Nge7 6. O-O Ba7 {[%emt 0:00:06] C64: Ruy Lopez: Classical Defence (3...Bc5) except 4 0-0 Nf6.} 7. d4 Ng6 8. Bg5 f6 {[%emt 0:00:21] White is slightly better.} 9. Be3 O-O 10. Nbd2 d6 11. Re1 Kh8 12. h3 exd4 13. Nxd4 Nxd4 {[%emt 0:01:31] [#]} 14. cxd4 $146 ({Predecessor:} 14. Bxd4 f5 15. Bxa7 Rxa7 16. Nf3 fxe4 17. Rxe4 Bf5 18. Re3 b5 19. Bb3 c5 20. a4 {1-0 (60) Dominguez Perez,L (2760)-Nabaty,T (2678) Netanya 2019}) 14... Be6 15. d5 Bxe3 16. Rxe3 Bg8 17. Nf3 f5 18. exf5 Nf4 19. Qd2 Qf6 ({Much worse is} 19... Bxd5 20. Bc2 $15) 20. Bc2 Bxd5 21. Rae1 c6 {[%emt 0:06:35][%cal Of4g2] [#] Threatens to win with ...Nxg2!} (21... Bxa2 $2 22. b3 $18) 22. Qb4 Bxf3 $2 {[%emt 0:20:59] This move loses the game for Black.} (22... Qh6 $11) 23. Rxf3 $18 Nd5 24. Qxb7 Rab8 25. Qxc6 Nb4 26. Qc3 Qxc3 27. Rxc3 {[%emt 0:00:05] Bb1 is the strong threat.} Nxa2 28. Rc7 {[%emt 0:01:10] [#] And now Ree7 would win.} Nb4 29. Bb1 Rfc8 30. Rd7 Rd8 31. Ree7 Rxd7 32. Rxd7 {[%emt 0:00:02][%mdl 4096] Endgame KRB-KRN} d5 33. f6 gxf6 34. Rxh7+ Kg8 35. Rd7 Kf8 36. Bg6 Nc6 37. Rf7+ Kg8 38. Rxf6 Ne5 39. Rxa6 Rxb2 40. Bf5 d4 41. f4 Nf7 42. Be6 Kf8 43. Kh2 d3 $2 (43... Rb4 44. Kg3 d3 45. Bxf7 Kxf7) 44. Bxf7 {[%emt 0:00:00] White is clearly winning.} Kxf7 45. Rd6 d2 46. Kg3 Ke7 47. Rd4 Ke6 48. Kf3 Kf6 49. h4 {[%emt 0:00:00] Weighted Error Value: White=0.06 (flawless) /Black=0.19 (very precise)} 1-0

[Event "FRA-ch Teams Top 16-B 2022"]
[Site "Chartres"]
[Date "2022.06.10"]
[Round "2.12"]
[White "Brochet, Philippe"]
[Black "Hamdouchi, Hicham"]
[Result "1/2-1/2"]
[ECO "B23"]
[WhiteElo "2390"]
[BlackElo "2536"]
[Annotator "TA"]
[PlyCount "111"]
[EventDate "2022.06.09"]
[EventType "team-tourn"]
[EventCountry "FRA"]
[SourceTitle "playchess.com"]
[Source "ChessBase"]
[SourceQuality "1"]
[TimeControl "40/5400+30:1800+30"]

1. e4 c5 2. Nc3 Nc6 3. Bb5 Nd4 4. Bd3 a6 5. f4 {[%emt 0:03:46] [#]} d6 $146 ({Predecessor:} 5... g6 6. Nf3 Bg7 7. Nxd4 cxd4 8. Ne2 d6 9. O-O e6 10. b3 Ne7 11. Bb2 Nc6 12. Qe1 O-O 13. Qf2 e5 14. f5 gxf5 15. exf5 Bf6 16. c4 b5 17. Be4 {0-1 (59) Vaysberg,A (2198)-Neyman,I (2314) Ditzingen 2012}) 6. Nf3 {[%emt 0:01:07] B23: Closed Sicilian: Lines without g3.} Bg4 7. Be2 Bxf3 8. Bxf3 e6 9. d3 Ne7 10. Be3 Nec6 11. O-O g6 12. g3 Bg7 13. Bg2 O-O 14. Ne2 (14. a3 $11) 14... Nxe2+ $15 15. Qxe2 b5 (15... Bxb2 $15 16. Rab1 Nd4) 16. e5 Rc8 17. c3 dxe5 18. Bxc5 {[%emt 0:00:58] [#] Hoping for Bxc6.} Ne7 19. Ba3 {[%emt 0:05:40] This bishop pair is nice.} exf4 20. Rxf4 e5 {[%emt 0:02:51] Against d4} ({Better is} 20... Qd7 $11) 21. Re4 (21. Rf2 {with more complications.} a5 22. Raf1 Re8 23. Rxf7 b4 24. cxb4 axb4 25. Rxg7+ Kxg7 26. Qxe5+ Kg8 27. Qe6+) 21... Re8 22. d4 Nc6 {[%emt 0:01:10][%cal Be7c6,Bc6e5,Be5c4][%mdl 32] ...f5 is the strong threat.} 23. dxe5 Nxe5 24. Rd1 Qb6+ 25. Kh1 Red8 26. Red4 Nc4 27. Bc5 Bxd4 28. Bxb6 Bxb6 29. Bb7 Rxd1+ 30. Qxd1 Rd8 31. Qc1 Ne3 32. Bf3 {[%emt 0:00:01] Against Rd1+} Rd6 33. b3 h5 (33... Rf6 $11 34. Be2 Rf2) 34. c4 bxc4 35. bxc4 {[%emt 0:00:02] [#] Strongly threatening c5.} Bc5 (35... Rf6 $5 36. Be2 Rf2 $11) 36. h3 Rf6 37. Be2 Rf2 38. Qb2 Nf5 (38... Nf1 $5 39. Qb8+ Kh7 40. Bxf1 Rxf1+ 41. Kh2 Rf2+ 42. Kh1 Rf1+ 43. Kh2 Rf2+ 44. Kh1 Rf1+ $11) 39. Qb8+ Kh7 40. Bd3 Bd6 $2 (40... Rf3 $11 41. Qd8 (41. Bxf5 Rf1+ 42. Kh2 Rf2+ 43. Kh1 Rf1+ 44. Kh2 Rf2+ 45. Kh1 Rf1+ $11) 41... Bd4 42. Bxf5 Rf1+ 43. Kh2 Rf2+ 44. Kg1 (44. Kh1 Rf1+ 45. Kh2 Rf2+ 46. Kg1 Rf4+ 47. Kh2 Rf2+ $11) 44... Rf4+ 45. Kh2 Rf2+ 46. Kg1 (46. Kh1 Rf1+ 47. Kh2 Rf2+ $11) 46... Rf4+ 47. Kh2 Rf2+) 41. Qb6 $18 Bxg3 42. Bxf5 gxf5 {[%emt 0:02:43][%mdl 4096] Endgame KQ-KRB} (42... Rxf5 {is more resistant.} 43. Qxa6 Kg7) 43. Qf6 f4 44. Qxf7+ Kh6 45. Qf6+ Kh7 46. h4 Rh2+ 47. Kg1 Rxh4 48. Qf5+ Kh6 49. Qf8+ Kg5 50. Qg7+ Kf5 51. Qf7+ $2 ({White has to play} 51. c5 $18 {And now c6 would win.} f3 52. c6 (52. Qxg3 $2 Rg4 $19)) 51... Ke4 $14 52. Qd5+ ({White should try} 52. c5 $1 $14 f3 53. c6) 52... Ke3 $11 {[%emt 0:00:08] The position is equal.} 53. Qe5+ Kf3 54. Qd5+ Ke3 55. Qe5+ Kf3 {[%emt 0:00:11] ( -> ...Bf2+)} 56. Qd5+ {[%emt 0:00:30] Weighted Error Value: White=0.26 (precise) /Black=0.22 (precise)} 1/2-1/2

[Event "FRA-ch Teams Top 16-B 2022"]
[Site "Chartres"]
[Date "2022.06.10"]
[Round "2.13"]
[White "Vocaturo, Daniele"]
[Black "Heinz, Timothee"]
[Result "1-0"]
[ECO "C11"]
[WhiteElo "2608"]
[BlackElo "2381"]
[Annotator "TA"]
[PlyCount "127"]
[EventDate "2022.06.09"]
[EventType "team-tourn"]
[EventCountry "FRA"]
[SourceTitle "playchess.com"]
[Source "ChessBase"]
[SourceQuality "1"]
[TimeControl "40/5400+30:1800+30"]

1. e4 e6 2. d4 d5 3. Nc3 Nf6 4. e5 Nfd7 5. f4 c5 6. Nf3 Nc6 7. Be3 cxd4 8. Nxd4 Bc5 9. Qd2 Bxd4 10. Bxd4 Nxd4 11. Qxd4 Qb6 12. Qd2 {[%emt 0:04:55] C11: French: Classical System: 4 e5 and 4 Bg5 dxe4.} Nc5 13. O-O-O Bd7 14. h4 {[%emt 0:04:38] White is slightly better.} Na4 15. Nxa4 Bxa4 {[%emt 0:00:05] [#]} 16. Rh3 $146 ({Predecessor:} 16. Qd4 Qxd4 17. Rxd4 Bc6 18. Bd3 f5 19. h5 O-O 20. Be2 Rf7 21. h6 Raf8 22. Kd2 Re7 23. g4 fxg4 24. Bxg4 Be8 25. Ke3 Bg6 26. c3 gxh6 {½-½ (26) Caruana,F (2649)-Huebner,R (2595) Senigallia 2009}) 16... Rc8 17. Bd3 Bb5 18. f5 Bxd3 19. Rxd3 exf5 20. Rb3 Qc7 21. Rc3 Qb8 $1 22. Rxc8+ Qxc8 $11 {[%emt 0:00:06][%mdl 4096] Endgame KQR-KQR} 23. Qb4 h5 24. Qd6 Rh6 25. Qxd5 Rc6 26. c3 Qc7 27. Qd4 b6 28. Qf4 Re6 29. Rd5 Qc6 30. Qd4 Qc7 {[%emt 0:01:03] Against Rd8+} 31. a3 g6 32. Kb1 Rc6 33. Qf4 Kf8 34. Qh6+ Kg8 35. Qd2 Rc5 (35... Kg7 $11) 36. Rd8+ $16 Kg7 37. e6 {[%emt 0:00:22] White is more active.} Qe5 38. exf7 Kxf7 39. Rd7+ Ke6 40. Rxa7 $40 {[%emt 0:01:45][%mdl 128] Qd7+ would kill now. White mounts an attack.} Rd5 {[%emt 0:02:48] Against Qd7+} 41. Qf2 Rd1+ {[%emt 0:05:37] [#] White now steadily converts the win.} (41... Qe4+ $1 $11 42. Kc1 Rd6) 42. Kc2 $1 {[%emt 0:00:00] Dancing on a razor blade.} (42. Ka2 $6 Qd5+ 43. c4 Qxc4+ 44. b3 Qe4 45. Qxb6+ Rd6 $11) 42... Rd6 43. Ra4 {[%emt 0:00:00] Prevents Qe4+.} Kf7 44. Rb4 Ke7 ({Weaker is} 44... Qd5 45. Rd4 Qc6 46. Rxd6 Qxd6 47. c4 $16) 45. a4 ({Don't play} 45. Rxb6 Qe4+ 46. Kc1 Rxb6 47. Qxb6 Qxg2 $16) 45... Qe6 (45... Kd7 $142 46. Rd4 (46. Rxb6 Qe4+ 47. Kc1 Rxb6 $14) 46... Kc7) 46. g3 Kf7 47. Rd4 Rc6 48. Qd2 Rc7 49. Qd3 Qe8 50. Rb4 {[%emt 0:00:00] Threatens to win with Qd5+.} Qe6 51. Qb5 Rc6 52. Rd4 Kf6 (52... Rc7 $142 53. Rd8 Qe4+ 54. Kb3 Qe6+ 55. Qd5 Qxd5+ 56. Rxd5 Ke6) 53. Qd3 $18 Ke7 54. Rd5 Rc5 55. Rxc5 bxc5 {[%emt 0:00:02] KQ-KQ} 56. a5 c4 57. Qd4 Qe2+ 58. Kb1 {[%emt 0:00:00] [#] Black must now prevent a6.} Qe1+ (58... Qe6 $142 59. Qa7+ Qd7 60. Qc5+ Kd8 61. Qxc4 f4 62. gxf4 Qf5+ 63. Kc1 Qxa5 64. Qg8+ Kc7 65. Qxg6 Qd5) 59. Ka2 {[%emt 0:00:00] White wants to mate with a6.} Qxg3 60. a6 {[%emt 0:00:06] White mates.} Qc7 61. a7 Qa5+ 62. Kb1 Qa4 63. Qe5+ Kd7 64. Qd5+ {[%emt 0:00:06] Weighted Error Value: White=0.06 (flawless) /Black=0.35} 1-0

[Event "FRA-ch Teams Top 16-B 2022"]
[Site "Chartres"]
[Date "2022.06.10"]
[Round "2.14"]
[White "Godart, Francois"]
[Black "Delorme, Axel"]
[Result "1/2-1/2"]
[ECO "A84"]
[WhiteElo "2399"]
[BlackElo "2461"]
[Annotator "TA"]
[PlyCount "43"]
[EventDate "2022.06.09"]
[EventType "team-tourn"]
[EventCountry "FRA"]
[SourceTitle "playchess.com"]
[Source "ChessBase"]
[SourceQuality "1"]
[TimeControl "40/5400+30:1800+30"]

1. d4 d5 2. c4 e6 3. Nf3 c6 4. e3 f5 5. Bd3 Nf6 6. O-O Bd6 7. b3 Qe7 8. a4 Ne4 {[%emt 0:15:48] A84: Dutch Defence: 2 c4 Miscellaneous.} 9. Ba3 Bxa3 10. Nxa3 Nd7 {[%emt 0:01:18] White has an edge.} 11. Qc2 O-O 12. Qb2 a5 13. Nc2 b6 {[%emt 0:04:04] [#]} 14. b4 $146 ({Predecessor:} 14. Rfc1 Bb7 15. Bf1 f4 16. Re1 c5 17. cxd5 exd5 18. exf4 Rxf4 19. Nd2 Qf6 20. Nxe4 dxe4 {0-1 (28) Maric,A (2400)-Polgar,Z (2550) Tilburg 1994}) 14... Ba6 15. b5 cxb5 16. cxb5 Bb7 17. Rfc1 Rac8 18. Nce1 Nd6 19. Qa3 Rxc1 20. Rxc1 {[%emt 0:00:12] [#] aiming for Rc7.} Rc8 {[%emt 0:00:18] Inhibits Rc7.} 21. Rxc8+ Nxc8 22. Qxe7 {[%emt 0:03:46] Weighted Error Value: White=0.07 (flawless) /Black=0.09 (flawless)} 1/2-1/2

[Event "FRA-ch Teams Top 16-B 2022"]
[Site "Chartres"]
[Date "2022.06.10"]
[Round "2.15"]
[White "Tregubov, Pavel V."]
[Black "Marcelin, Cyril"]
[Result "1/2-1/2"]
[ECO "D31"]
[WhiteElo "2541"]
[BlackElo "2440"]
[Annotator "TA"]
[PlyCount "115"]
[EventDate "2022.06.09"]
[EventType "team-tourn"]
[EventCountry "FRA"]
[SourceTitle "playchess.com"]
[Source "ChessBase"]
[SourceQuality "1"]
[TimeControl "40/5400+30:1800+30"]

1. d4 d5 2. c4 e6 3. Nc3 a6 4. cxd5 exd5 5. Nf3 c6 6. Bf4 {[%emt 0:03:59] D31: Queen's Gambit Declined: Semi-Slav without ...Nf6 (+ Marshall Gambit and Noteboom) and Exchange Variation lines without ...Nf6.} Bd6 7. Bxd6 Qxd6 8. e3 {[%emt 0:01:15] White is slightly better.} Ne7 9. Qb3 O-O 10. Bd3 Nd7 11. O-O Nf6 {[%emt 0:01:53] [#]} 12. Na4 $146 ({Predecessor:} 12. h3 Bf5 13. Bxf5 Nxf5 14. Qc2 g6 15. a3 Qe7 16. Rfe1 Nd6 17. Ne5 {½-½ (17) Medic,M (2207)-Berke,A (2127) Durdevac 2020}) 12... Rb8 13. Nc5 g6 14. Rac1 Bf5 15. Ne5 Bxd3 16. Qxd3 Nc8 17. f3 Nb6 18. e4 Nfd7 19. Nexd7 Nxd7 20. e5 Nxc5 21. Rxc5 (21. exd6 $2 Nxd3 22. Rc2 Nf4 $19) 21... Qe7 22. f4 f6 23. Rc2 Rbe8 24. Re2 fxe5 25. dxe5 Qc5+ 26. Re3 Qb4 27. f5 (27. a3 $11 Qxb2 28. Rb1) 27... Rxf5 (27... Qxb2 $15 28. fxg6 (28. e6 gxf5 29. Rb1 Qf6 $17) 28... Rxf1+ 29. Kxf1 Rf8+ 30. Rf3 Rxf3+ 31. Qxf3 Qb1+ 32. Kf2 Qc2+ 33. Ke3 Qxg6) 28. Rxf5 $11 gxf5 29. Qxf5 $15 {[%emt 0:03:20][%mdl 4096] [#] Endgame Threatening mate with Rg3+. KQR-KQR} Rf8 (29... Qxb2 $2 {gets mated.} 30. Rg3+ Kh8 31. Qf6#) 30. Qg5+ Kh8 31. h3 {[%emt 0:00:34] Rg3 is the strong threat.} Qf4 32. Qxf4 {[%emt 0:00:24] Active counter play!} Rxf4 $11 {[%emt 0:00:02] KR-KR} 33. e6 {[%emt 0:00:28] [#] Hoping for e7.} Rf8 34. Rb3 ({Much weaker is} 34. e7 Re8 $15) 34... Re8 (34... Kg7 {is interesting.} 35. Rxb7+ Kf6 36. e7 Re8) 35. Rxb7 Rxe6 36. Kf2 c5 37. b3 c4 38. bxc4 dxc4 39. Rb2 Kg7 40. Rc2 Re4 41. Kf3 Rd4 42. Rc3 Kf6 43. Ra3 Ke5 44. Ra5+ Rd5 45. Rxd5+ Kxd5 {[%emt 0:00:05] K3P-K3P} 46. Ke3 Ke5 47. a4 c3 48. Kd3 Kf4 49. Kxc3 {[%emt 0:00:00] K3P-KPP} Kg3 50. Kb4 h5 $1 51. Ka5 h4 $1 (51... Kxg2 52. h4 Kh3 53. Kxa6 Kxh4 54. a5 Kh3 55. Kb6 Kh2 56. a6) 52. Kxa6 Kxg2 53. a5 Kxh3 {[%emt 0:00:05] KP-KP} 54. Kb5 {[%emt 0:00:00] a6 would kill now.} Kg2 55. a6 {[%emt 0:00:00] White wants to mate with a7.} h3 56. a7 h2 57. a8=Q+ Kg1 58. Qa7+ {[%emt 0:00:00] Weighted Error Value: White=0.06 (flawless) /Black=0.04 (flawless)} 1/2-1/2